 Dungeon Crawl Stone Soup version 0.21-a0-465-g8120a92d9c (webtiles) character file.

149 Kaname the Conjurer (level 5, 0/35 HPs)
             Began as a Demonspawn Wizard on Nov 21, 2017.
             Killed from afar by Conn321's ghost (10 damage)
             ... with a flame tongue
             ... on level 3 of the Dungeon.
             The game lasted 00:11:38 (4400 turns).

Kaname the Conjurer (Demonspawn Wizard)             Turns: 4400, Time: 00:11:39

Health: 0/35       AC:  4    Str:  8    XL:     5   Next: 9%
Magic:  9/9        EV: 11    Int: 19    God:
Gold:   102        SH:  0    Dex: 12    Spells: 1/10 levels left

rFire    . . .     SeeInvis .   y - +3 hunting sling (flame)
rCold    + . .     Gourm    +   u - +0 buckler
rNeg     . . .     Faith    .   a - +0 robe
rPois    .         Spirit   .   b - +0 hat
rElec    .         Reflect  .   (no cloak)
rCorr    .         Harm     .   r - +1 pair of gloves
MR       .....                  (no boots)
Stlth    +.........             t - amulet of the gourmand
HPRegen  0.11/turn              (no ring)
MPRegen  0.11/turn              j - ring of protection from cold

@: confused
A: antennae 1, powered by pain 1
a: no special abilities


You were on level 3 of the Dungeon.
You were hungry.

You visited 1 branch of the dungeon, and saw 4 of its levels.

You collected 102 gold pieces.

Inventory:

Hand Weapons
 d - a +1 hand axe of flaming
 w - a +2 dagger of venom
 y - a +3 hunting sling of flaming (weapon)
Missiles
 z - 10 sling bullets (quivered)
Armour
 a - a +0 robe (worn)
 b - a +0 hat (worn)
 r - a +1 pair of gloves (worn)
 u - a +0 buckler (worn)
Jewellery
 j - a ring of protection from cold (right hand)
 t - an amulet of the gourmand (around neck)
Scrolls
 f - a scroll of amnesia
 h - 3 scrolls of enchant weapon
 m - a scroll of blinking {unknown}
 o - a scroll of magic mapping {unknown}
 s - a scroll of teleportation {unknown}
 x - a scroll of fear {unknown}
Potions
 e - a potion of brilliance {unknown}
 g - a potion of curing {unknown}
 k - a potion of haste {unknown}
 l - a potion of degeneration {unknown}
 p - a potion of magic {unknown}
 q - a potion of ambrosia
Books
 c - a book of Minor Magic

   Spells                             Type                      Level
   a - Magic Dart                     Conjuration                  1
   b - Blink                          Translocation                2
   c - Call Imp                       Summoning                    2
   d - Slow                           Hexes                        2
   e - Conjure Flame                  Conjuration/Fire             3
   f - Mephitic Cloud                 Conjuration/Poison/Air       3
Comestibles
 i - 2 meat rations
 n - 2 royal jellies
 v - a bread ration


   Skills:
 - Level 1.7 Dodging
 - Level 1.7 Stealth
 - Level 3.0 Spellcasting
 - Level 4.0 Conjurations
   Level 1.0 Summonings
 - Level 0.8 Translocations
 + Level 2.6 Poison Magic


You had one spell level left.
You knew the following spells:

 Your Spells              Type           Power        Failure   Level  Hunger
a - Magic Dart            Conj           ###.         4%          1    None
b - Blink                 Tloc           N/A          26%         2    ##.....
c - Mephitic Cloud        Conj/Pois/Air  ##......     30%         3    ###....
d - Conjure Flame         Conj/Fire      ##......     32%         3    ###....


Dungeon Overview and Level Annotations

Branches:
Dungeon (4/15)
 Temple: D:4-7

Altars:
Elyvilon
Fedhas
Qazlal

Annotations:
D:3 Conn321's ghost, amateur OpFE


Innate Abilities, Weirdness & Mutations

You have a pair of small antennae on your head.
You sometimes gain a little power by taking damage.


Message History

You shoot a sling bullet.
The sling bullet closely misses Conn321's ghost.
Conn321's ghost whispers, "They're coming for you..."
Conn321's ghost hits you.
* * * LOW HITPOINT WARNING * * *
Firing (i - inventory):
z - 11 sling bullets (quivered)
Press: ? - help, Shift-Dir - straight line, f/p - Conn321's ghost
Aim: Conn321's ghost (heavily damaged)
You shoot a sling bullet.
The sling bullet closely misses Conn321's ghost.
Conn321's ghost hits you.
* * * LOW HITPOINT WARNING * * *
Conn321's ghost hits you but does no damage.
Conn321's ghost whispers, "They're coming for you..."
It was a potion of ambrosia.
You are confused.
You feel invigorated.
Conn321's ghost stares at you and mumbles some strange words.
The flame tongue hits you!
You die...

,,,,,,...................).,,,,,,
*,,,,,(.....(.......#.####..,,,,,
,,,,,<......#..##.#.#..# *,.,,,,,
,,,,,,###..,#..##.#.#..##*,,,,,**
*,,,,,,...,,#..##.#.#...#*,,,,,*,
,,,,,,.##,,,#..##.....#.#*,,(,,*,
,,,,,,,,,,,,#..##.#.###.#*,,,,,*,
,,,,,,,**..##..##W#.# *,,*,,,,,*,
,,,,,,,**.......@.#,# **,*,),,,*,
,*,),,,,,..##..####,* *,,,,,,,*,
,*,***)**,,*#.,****,* **,,,,,,*,
,,=<**,,,,,*#,,,,,,,*****,,,,,,*,
,,,,,,,,,,,,,,,***,,,,,,,,>*****,
,,,,,,,***,*,*,* *,*,******* *,
**,***,* *,*,,,* *,*,***********,
**,***,***,*,*** *,*,,,,,,,,,,,,,
**,,,,,,,,,*,* *,*,************


You could see Conn321's ghost.

Vanquished Creatures
  An orc priest (D:3)
  4 gnolls (D:2)
  3 adders
  An ooze (D:1)
  A leopard gecko (D:1)
  4 orcs (D:3)
  A giant cockroach (D:3)
  5 hobgoblins
  3 jackals (D:2)
  3 bats
  4 frilled lizards
  5 goblins
  7 kobolds
  9 rats
51 creatures vanquished.

Vanquished Creatures (others)
  A giant cockroach (D:1)
1 creature vanquished.

Grand Total: 52 creatures vanquished

Notes
Turn   | Place    | Note
-------+----------+-------------------------------------------
     0 | D:1      | Kaname the Demonspawn Wizard began the quest for the Orb.
     0 | D:1      | Reached XP level 1. HP: 13/13 MP: 4/4
   446 | D:1      | Reached skill level 2 in Conjurations
   557 | D:1      | Gained mutation: You have a pair of small antennae on your head. [demonic ancestry]
   557 | D:1      | Reached XP level 2. HP: 19/19 MP: 3/6
  1020 | D:1      | Learned a level 2 spell: Blink
  1542 | D:2      | Reached skill level 3 in Conjurations
  1542 | D:2      | Gained mutation: You sometimes gain a little power by taking damage. [demonic ancestry]
  1542 | D:2      | Reached XP level 3. HP: 24/24 MP: 2/7
  1604 | D:2      | Found a white marble altar of Elyvilon.
  1689 | D:2      | Learned a level 3 spell: Mephitic Cloud
  2367 | D:2      | Reached skill level 4 in Conjurations
  2367 | D:2      | Reached XP level 4. HP: 30/30 MP: 1/8
  2634 | D:2      | Reached skill level 1 in Poison Magic
  2660 | D:2      | Found a blossoming altar of Fedhas.
  2690 | D:2      | Found a stormy altar of Qazlal.
  3416 | D:3      | Reached XP level 5. HP: 35/35 MP: 5/9
  3746 | D:3      | Noticed Conn321's ghost (amateur OpFE)
  4167 | D:2      | Learned a level 3 spell: Conjure Flame
  4400 | D:3      | Killed from afar by Conn321's ghost

Vault maps used:
D:1:      shiori_arrival_maze, lemuel_another_geyser
D:2:      elyvilon_altar_5, lemuel_coloured_pillars_altar,
          nicolae_overflow_crystal_walls
D:3:      first_bread
D:4:      minmay_divided_ellipse

Skill      XL: |  1  2  3  4 |
---------------+-------------+-----
Conjurations   | 2 3 4 |  4.0
Poison Magic   | 2 |  2.6
Dodging        | |  1.7
Stealth        | |  1.7
Spellcasting   | |  3.0
Summonings     | |  1.0
Translocations | |  0.8

Action                   |  1- 3 |  4- 6 || total
-------------------------+-------+-------++-------
Melee: Unarmed           |    16 |       ||    16
       Whip              |    36 |    63 ||    99
       Hand axe          |       |    27 ||    27
       Dagger            |       |     2 ||     2
 Fire: Hunting sling     |       |    12 ||    12
 Cast: Magic Dart        |    66 |    31 ||    97
       Conjure Flame     |       |     1 ||     1
  Use: Scroll            |       |     4 ||     4
       Potion            |       |     1 ||     1
 Stab: Sleeping          |     1 |     1 ||     2
  Eat: Chunk             |     4 |     4 ||     8
       Bread ration      |       |     1 ||     1
Armor: Robe              |    10 |    24 ||    34
Dodge: Dodged            |    39 |    53 ||    92
Block: Buckler           |       |     3 ||     3

Table legend:
 A = Spawn XP
 B = Non-spawn XP
 C = Spawn XP percentage of total XP
 D = Spawn monster count
 E = Non-spawn monster count
 F = Spawn count percentage of total count
 G = Total turns spent on level
                    A         B        C        D         E        F      G
               +---------+---------+-------+---------+---------+-------+---------
         Total |       0 |     214 |   0.0 |       0 |      51 |   0.0 |  4400
               +---------+---------+-------+---------+---------+-------+---------
           D:1 |       0 |      31 |   0.0 |       0 |      18 |   0.0 |  1810
           D:2 |       0 |     103 |   0.0 |       0 |      19 |   0.0 |  1488
           D:3 |       0 |      80 |   0.0 |       0 |      14 |   0.0 |  1091
               +---------+---------+-------+---------+---------+-------+---------
